 Dungeon Crawl Stone Soup version 0.31-a0-986-g5e6e4ef867 (webtiles) character file.

Game seed: 3164678122105599793

100 croobank the Sneak (level 4, 0/27 HPs)
             Began as an Octopode Earth Elementalist on Nov 21, 2023.
             Slain by Sigmund
             ... wielding a +3 scythe of flaming
              (10 damage)
             ... on level 3 of the Dungeon.
             The game lasted 00:03:44 (2115 turns).

croobank the Sneak (Octopode Earth Elementalist)    Turns: 2115, Time: 00:03:44

Health: 0/27       AC:  1    Str:  9    XL:     4   Next: 74%
Magic:  7/7        EV: 13    Int: 19    God:
Gold:   75         SH:  0    Dex: 12    Spells: 7/8 levels left

rFire   . . .        k - +5 war axe "Xetz" {venom, +Blink Will+ rCorr Str+2}
rCold   . . .        (no shield)
rNeg    . . .        (helmet restricted)
rPois   .            (no amulet)
rElec   .            m - ring of see invisible
rCorr   +            (no ring)
SInv    +            (no ring)
Will    +....        (no ring)
Stlth   +++          (no ring)
HPRegen 0.24/turn    (no ring)
MPRegen 0.10/turn    (no ring)
                     (no ring)

%: no passive effects
@: no status effects
A: almost no armour, amphibious, 8 rings, camouflage 1, gelatinous body 1,
(nimble swimmer 1), tentacles
a: Evoke Blink


You were on level 3 of the Dungeon.
You visited 1 branch of the dungeon, and saw 3 of its levels.

You collected 75 gold pieces.

Inventory:

Hand Weapons
 d - a +0 dagger
 e - a +0 short sword
 k - the +5 war axe "Xetz" (weapon) {venom, +Blink Will+ rCorr Str+2}
   (You took it off a hobgoblin on level 2 of the Dungeon)

   Str+2:     It affects your strength (+2).
   Will+:     It increases your willpower.
   +Blink:    It lets you blink.
   rCorr:     It protects you from acid and corrosion.
Jewellery
 m - a ring of see invisible (left tentacle)
Scrolls
 b - a scroll of brand weapon {unknown}
 f - a scroll of revelation {unknown}
 h - 2 scrolls of fear {unknown}
Potions
 a - a potion of magic
 g - 2 potions of resistance
 i - a potion of curing
 j - a potion of degeneration {unknown}
 l - 2 potions of lignification {unknown}


   Skills:
 * Level 0.1 Fighting
 * Level 0.2 Axes
 + Level 2.6 Dodging
 + Level 3.9 Stealth
 + Level 2.5 Spellcasting
 + Level 2.1 Transmutations
 + Level 3.5 Earth Magic


You had 7 spell levels left.
You knew the following spells:

 Your Spells              Type           Power      Damage    Failure   Level
a - Sandblast             Erth           30%        2d9       3%          1

Your spell library contained the following spells:

 Spells                   Type           Power      Damage    Failure   Level
 Passwall                 Tmut/Erth      10%        N/A       8%          2
 Stone Arrow              Conj/Erth      18%        3d8       24%         3
 Petrify                  Tmut/Erth      13%        N/A       45%         4
 Brom's Barrelling Bould  Conj/Erth      9%         2d3       61%         4


Dungeon Overview and Level Annotations

Branches:
Dungeon (3/15)

Altars:

Annotations:
D:3 Sigmund


Innate Abilities, Weirdness & Mutations

You cannot wear most types of armour.
You are amphibious.
You can wear up to eight rings at the same time.
Your skin changes colour to match your surroundings (Stealth+).
Your rubbery body absorbs attacks. (AC +1, EV +1)
((You are camouflaged when in or above water. (Stealth+)))
You have tentacles for arms and can constrict up to eight enemies at once.


Message History

Found 6 stones.
You see here 6 stones.
You see here 6 stones.
There is an open door here.
You see here 5 stones.
Things that are here:
a +0 dagger; a goblin skeleton Done exploring.
Done exploring.
Things that are here:
a +0 dagger; a goblin skeleton You see here a +0 dagger.
There is an escape hatch in the ceiling here.
There is a stone staircase leading down here.
You climb downwards.
Found an encrusted copper ring.
There is a stone staircase leading up here.
m - a ring of see invisible
m - a ring of see invisible (left tentacle) Sigmund and a bat come into view.
Sigmund is wielding a +3 scythe of flaming.
Sigmund shouts!
The bat barely misses you. The bat closely misses you.
You slash the bat!
You kill the bat!
Okay, then.
As you read the scroll labelled TAMUDUI HYADD, it crumbles to dust.
It is a scroll of identify.
g - 2 potions of resistance
As you read the scroll of identify, it crumbles to dust.
i - a potion of curing Sigmund hits you with a +3 scythe of flaming!
Sigmund burns you.
You hit Sigmund.
Sigmund is poisoned.
Your grab misses Sigmund. Your squeeze misses Sigmund.
Sigmund is lightly wounded.
Sigmund hits you with a +3 scythe of flaming!
You die...
Sigmund begins carving another notch in his scythe.

.........#
#......@.#
#...$....#
##$.......#
#.........
#.........
#....###########
###@##.........
#...@........#
#............#
#.........###.~~
#.......<......~
#..........#.#..
.....##+###.# .
###.#.# ...
#.#.# ..# ..#.#
..#


You could see Sigmund (very poisoned).

Vanquished Creatures
  3 adders (D:2)
  5 dart slugs
  7 bats
  5 endoplasms (D:1)
  6 giant cockroaches
  6 goblins
  4 hobgoblins (D:2)
  4 jackals (D:1)
  2 quokkas (D:1)
  2 ball pythons
  A frilled lizard (D:1)
  5 kobolds
  11 rats (D:1)
61 creatures vanquished.

Notes
Turn   | Place    | Note
-------+----------+-------------------------------------------
     0 | D:1      | croobank the Octopode Earth Elementalist began the quest
                  | for the Orb.
     0 | D:1      | Reached XP level 1. HP: 11/11 MP: 3/3
   158 | D:1      | Reached XP level 2. HP: 6/17 MP: 3/5
   602 | D:1      | Reached XP level 3. HP: 14/21 MP: 4/6
   780 | D:1      | Found a faded altar of an unknown god.
  1153 | D:2      | Reached XP level 4. HP: 27/27 MP: 7/7
  1601 | D:2      | Identified the +5 war axe "Xetz" {venom, +Blink Will+ rCorr
                  | Str+2}
  2106 | D:3      | Noticed Sigmund
  2115 | D:3      | Slain by Sigmund

Illustrated notes

Levels and vault maps discovered:
D:1:      dpeg_arrival_ratfight, layout_basic, ebering_ecumenical_altar_mist
D:2:      layout_basic, amethyst_killhole
D:3:      layout_basic, chequers_serial_rivers_micro_c, grunt_ministairs_5,
          uniq_sigmund

Skill      XL: |  1  2  3  4 |
---------------+-------------+-----
Stealth        | 3 |  3.9
Transmutations | 2 |  2.1
Fighting       | |  0.1
Axes           | |  0.2
Dodging        | |  2.6
Spellcasting   | |  2.5
Earth Magic    | |  3.5

Action                     |  1- 3 |  4- 6 || total
---------------------------+-------+-------++-------
  Melee: Unarmed           |    78 |       ||    78
         Tentacles         |    26 |     3 ||    29
         Constrict         |    22 |     3 ||    25
         Dagger            |    28 |    17 ||    45
         War axe           |       |     9 ||     9
   Cast: Sandblast         |    10 |     7 ||    17
    Use: Scroll            |       |     2 ||     2
   Stab: Sleeping          |    15 |     7 ||    22
 Armour: Skin              |    35 |    21 ||    56
  Dodge: Dodged            |    73 |    18 ||    91

Table legend: (Time is in decaauts)
 A = Elapsed time spent in this place.
 B = Non-inter-level travel time spent in this place.
 C = Inter-level travel time spent in this place.
 D = Time resting spent in this place.
 E = Time spent auto-exploring this place.
 F = Levels seen in this place.
 G = Mean time per level.
                   A        B        C        D        E       F      G
               +--------+--------+--------+--------+--------+-----+--------+
         Total |   2125 |   2016 |    109 |    256 |   1302 |   3 |  708.3 |
       Dungeon |   2125 |   2016 |    109 |    256 |   1302 |   3 |  708.3 |
               +--------+--------+--------+--------+--------+-----+--------+

Top non-repeatable levels by time:
     D:1: 1142 daAuts
     D:2: 962 daAuts
     D:3: 20 daAuts
